 Dungeon Crawl Stone Soup version 0.27.1-34-g3ba077fa99 (webtiles) character file.

Game seed: 1347515744401327082

245 Karpo the Sneak (level 5, -2/24 HPs)
             Began as a Spriggan Enchanter on Feb 3, 2022.
             Splashed by an acid dragon's acid (11 damage)
             ... on level 4 of the Dungeon on Feb 4, 2022.
             The game lasted 00:12:12 (5342 turns).

Karpo the Sneak (Spriggan Enchanter)                Turns: 5342, Time: 00:12:12

Health: -2/24      AC: -2    Str:  4    XL:     5   Next: 84%
Magic:  10/10      EV: 14    Int: 18    God:
Gold:   140        SH:  0    Dex: 15    Spells: 3/9 levels left

rFire    . . .     SeeInvis +   a - +1 dagger
rCold    . . .     Faith    .   (shield restricted)
rNeg     + . .     Spirit   .   b - +0 robe
rPois    .         Reflect  .   (helmet restricted)
rElec    .         Harm     .   (no cloak)
rCorr    .         Rampage  .   (gloves unavailable)
Will     .....                  (boots unavailable)
Stlth    ++++......             (no amulet)
HPRegen  0.08/turn              k - ring of wizardry
MPRegen  0.12/turn              o - ring of positive energy

@: lethally poisoned (-2 -> -5), corroded, constricted, very quick
A: very small, no large weapons, unfitting armour, see invisible, speed 3
a: no special abilities


You were on level 4 of the Dungeon.
You visited 1 branch of the dungeon, and saw 4 of its levels.

You collected 140 gold pieces.

Inventory:

Hand Weapons
 a - a +1 dagger (weapon)
 d - a +0 dagger of venom
Armour
 b - a +0 robe (worn)
Jewellery
 h - an amulet of faith
 k - a ring of wizardry (left hand)
 o - a ring of positive energy (right hand)
Wands
 n - a wand of paralysis (12)
 s - a wand of flame (19)
Scrolls
 c - a scroll of vulnerability {unknown}
 e - a scroll of fog {unknown}
 f - 2 scrolls of enchant armour {unknown}
 g - a scroll of magic mapping {unknown}
 i - 2 scrolls of amnesia {unknown}
 q - a scroll of fear {unknown}
Potions
 j - a potion of brilliance {unknown}
 l - 2 potions of berserk rage {unknown}
 m - a potion of curing {unknown}
 p - a potion of mutation {unknown}
 r - 2 potions of heal wounds


   Skills:
 + Level 4.5 Short Blades
 - Level 2.6 Dodging
 + Level 7.9 Stealth
 - Level 2.6 Spellcasting
 - Level 3.6 Hexes


You had 3 spell levels left.
You knew the following spells:

 Your Spells              Type           Power      Damage    Failure   Level
a - Corona                Hex            16%        N/A       1%          1
b - Ensorcelled Hibernat  Hex/Ice        16%        N/A       4%          2
c - Confusing Touch       Hex            15%        N/A       4%          3

Your spell library contained the following spells:

 Spells                   Type           Power      Damage    Failure   Level
 Tukima's Dance           Hex            15%        N/A       4%          3
 Dazzling Flash           Conj/Hex       16%        N/A       10%         3


Dungeon Overview and Level Annotations

Branches:
Dungeon (4/15)
 Temple: D:4-7

Altars:
Hepliaklqana
Vehumet
Yredelemnul

Shops:
D:1 **=


Innate Abilities, Weirdness & Mutations

You are very small and have problems with some larger weapons.
You are too small for most types of armour.
You have supernaturally acute eyesight. (SInv)
You cover ground extremely quickly. (Speed+++)


Message History

a +0 giant club; an ogre corpse
There is a stone staircase leading up here.
You climb upwards.
There is a stone staircase leading down here.
There is a stone staircase leading down here.
You climb downwards.
Found 19 stones.
There is a stone staircase leading up here.
You climb upwards.
There is a stone staircase leading down here.
Done exploring.
There is a stone staircase leading down here.
You climb downwards.
The hound skeleton closely misses you.
The ball python hisses angrily.
Found a manual of Bows.
There is a stone staircase leading up here.
An endoplasm comes into view.
The hobgoblin shouts!
The ball python hisses angrily.
The ball python closely misses you. The ball python grabs you.
The ball python constricts you.
The adder hisses angrily.
You escape the ball python's grasp.
The adder closely misses you. The hound skeleton closely misses you.
The ball python misses you. The ball python closely misses you.
The adder closely misses you.
You closely miss the hound skeleton. The hound skeleton misses you.
The ball python barely misses you. The ball python grabs you.
The ball python constricts you. The adder bites you.
You are poisoned.
The adder poisons you!
You can't go up here!
Unknown command.
You hit the hound skeleton.
The hound skeleton is lightly damaged.
You feel sick. The hobgoblin closely misses you.
The hound skeleton barely misses you. The acid dragon spits acid at you.
The splash of acid hits you!
Ouch! That really hurt!
The acid corrodes you!
You are splashed with acid!
You die...

............#
............##
.............#
.............#
...#.........#
#..........#
##..h.D.....#
#....Sg@Z..#
#.....SSJ..#
#.....F....#
##:.....#..#
##...##..##
#### ..# .##
##


You could see an acid dragon (catching breath), a bullfrog, a hound, an adder,
an endoplasm, a hobgoblin, 2 ball pythons and a hound skeleton.

Vanquished Creatures
  An ogre (D:4)
  Jessica (D:3)
  A statue (D:3)
  3 adders
  4 worms
  3 dart slugs
  9 ball pythons
  3 bats
  4 endoplasms
  4 giant cockroaches
  9 goblins
  5 hobgoblins
  4 quokkas
  2 frilled lizards
  5 kobolds
  7 rats
  A spectral kobold (D:3)
66 creatures vanquished.

Notes
Turn   | Place    | Note
-------+----------+-------------------------------------------
     0 | D:1      | Karpo the Spriggan Enchanter began the quest for the Orb.
     0 | D:1      | Reached XP level 1. HP: 9/9 MP: 5/5
    53 | D:1      | Found Riteqaud's General Store.
   301 | D:1      | Found Vaokynod's Assorted Antiques.
   329 | D:1      | Reached XP level 2. HP: 13/13 MP: 6/6
   332 | D:1      | Learned a level 2 spell: Ensorcelled Hibernation
   367 | D:1      | Reached skill level 5 in Stealth
  1361 | D:1      | Reached XP level 3. HP: 7/16 MP: 8/8
  1888 | D:1      | Found Teism's Jewellery Emporium.
  3236 | D:3      | Found a hazy altar of Hepliaklqana.
  3340 | D:2      | Reached skill level 6 in Stealth
  3476 | D:2      | You fall into a shaft and drop 1 floor!
  3521 | D:3      | Reached XP level 4. HP: 14/21 MP: 5/9
  3650 | D:3      | Noticed Jessica
  3655 | D:3      | Killed Jessica
  3791 | D:3      | Found a faded altar of an unknown god.
  3808 | D:3      | Found a basalt altar of Yredelemnul.
  4982 | D:2      | Learned a level 3 spell: Confusing Touch
  4990 | D:3      | Reached skill level 7 in Stealth
  5064 | D:3      | Reached XP level 5. HP: 23/24 MP: 10/10
  5147 | D:3      | Found a radiant altar of Vehumet.
  5147 | D:3      | Noticed a charred statue
  5154 | D:3      | Killed a charred statue
  5298 | D:4      | Noticed an ogre
  5301 | D:4      | Killed an ogre
  5337 | D:4      | Noticed an acid dragon
  5342 | D:4      | Splashed by an acid dragon's acid

Illustrated notes

Levels and vault maps discovered:
D:1:      nzn_arrival_depleted_hourglass, layout_rooms, serial_shops,
          nicolae_shop_temple_entry_statues_fountains, shop_statue,
          nicolae_shop_window_shopping, serial_corexii_hall,
          chequers_hall_statues_wall_a, corexii_hall_statues_i,
          grunt_decor_mini_mirrors, hangedman_decor_diamond_cutter,
          fountainhead, grunt_decor_clamped
D:2:      minmay_spotlight, layout_basic, serial_corexii_hall,
          corexii_hall_statues_l, corexii_hall_statues_l,
          corexii_hall_statues_s, kennysheep_generic_room_12
D:3:      layout_loops_cross, yredelemnul_altar_generic, old_standard_altar,
          vehumet_statue, dreamdust_ecumenical_altar_drowned_temple,
          minmay_unequal, uniq_jessica
D:4:      layout_cave_pods, gammafunk_temple_overflow_statue,
          gammafunk_ghost_abyssal_escape, minmay_manual_moon

Skill      XL: |  1  2  3  4  5 |
---------------+----------------+-----
Stealth        | 5 6 7 |  7.9
Short Blades   | 2 3 4 |  4.5
Dodging        | |  2.6
Spellcasting   | |  2.6
Hexes          | |  3.6

Action                   |  1- 3 |  4- 6 || total
-------------------------+-------+-------++-------
Melee: Dagger            |   174 |    53 ||   227
 Cast: Ensorcelled Hiber |    11 |    18 ||    29
  Use: Potion            |     2 |       ||     2
 Stab: Sleeping          |    23 |    16 ||    39
Armor: Robe              |    14 |     4 ||    18
Dodge: Dodged            |   118 |    36 ||   154
